 Dungeon Crawl Stone Soup version 0.29-a0-819-g94b489e0ae (webtiles) character file.

Game seed: 5240784198520369125

71 Morbidden the Shooter (level 4, -3/37 HPs)
             Began as a Minotaur Hunter on July 6, 2022.
             Slain by an orc
             ... wielding a +0 hand axe
              (7 damage)
             ... on level 2 of the Dungeon.
             The game lasted 00:01:44 (2296 turns).

Morbidden the Shooter (Minotaur Hunter)             Turns: 2296, Time: 00:01:45

Health: -3/37      AC:  3    Str: 16    XL:     4   Next: 5%
Magic:  3/3        EV: 12    Int:  6    God:
Gold:   99         SH:  0    Dex: 15    Spells: 3/3 levels left

rFire   . . .      SeeInvis .   a - +0 shortbow
rCold   . . .      Faith    .   (shield currently unavailable)
rNeg    . . .      Spirit   .   c - +0 leather armour
rPois   .          Reflect  .   (helmet restricted)
rElec   .          Harm     .   (no cloak)
rCorr   .          Rampage  .   (no gloves)
Will    .....                   (no boots)
Stlth   +.........              (no amulet)
HPRegen 0.12/turn               (no ring)
MPRegen 0.08/turn               (no ring)

@: no status effects
A: horns 2, retaliatory headbutt
a: no special abilities


You were on level 2 of the Dungeon.
You visited 1 branch of the dungeon, and saw 3 of its levels.

You collected 99 gold pieces.

Inventory:

Hand Weapons
 a - a +0 shortbow (weapon)
Armour
 c - a +0 leather armour (worn)
Scrolls
 b - a scroll of immolation
 e - 5 scrolls of identify {unknown}
 f - 2 scrolls of magic mapping {unknown}
 h - a scroll of enchant armour {unknown}
 i - a scroll of fog {unknown}
 m - a scroll of acquirement {unknown}
 o - a scroll of teleportation {unknown}
 p - a scroll of summoning {unknown}
Potions
 d - 2 potions of haste {unknown}
 g - a potion of invisibility {unknown}
 j - 2 potions of mutation {unknown}
 k - 2 potions of curing {unknown}
 l - a potion of attraction {unknown}
 n - a potion of lignification {unknown}


   Skills:
 * Level 2.9 Fighting
 * Level 5.6 Ranged Weapons
 + Level 1.0 Armour
 * Level 2.6 Dodging
 + Level 0.7 Stealth


You had 3 spell levels left.
You didn't know any spells.
Your spell library contained the following spells:

 Spells                   Type           Power      Damage    Failure   Level
 Summon Small Mammal      Summ           0%         N/A       52%         1
 Call Canine Familiar     Summ           0%         N/A       88%         3
 Summon Guardian Golem    Hex/Summ       0%         N/A       88%         3
 Conjure Ball Lightning   Conj/Air       0%         3x3d6     100%        6
 Discord                  Hex            0%         N/A       100%        8
 Disjunction              Tloc           0%         N/A       100%        8


Dungeon Overview and Level Annotations

Branches:
Dungeon (3/15)

Altars:
Qazlal


Innate Abilities, Weirdness & Mutations

You have a pair of horns on your head.
You reflexively headbutt those who attack you in melee.


Message History

The orc wizard is heavily wounded.
The orc priest invokes the aid of Beogh against you.
Beogh smites you!
Unknown command.
Unknown command.
The orc wizard points at you and mumbles some strange words.
The magic dart hits you.
Found a club.
The orc priest calls upon Beogh to heal the orc wizard.
The orc wizard is healed somewhat.
The orc wizard gestures wildly while chanting.
The orc wizard flickers and vanishes!
Deactivating autopickup; reactivate with Ctrl-A.
A kobold comes into view. It is wielding a +0 short sword.
Found a stormy altar of Qazlal.
The kobold shouts!
The kobold throws a stone.
The stone closely misses you.
The kobold throws a stone.
The stone closely misses you.
The kobold throws a stone.
The stone hits you.
The orc priest looks encouraged for a moment.
The kobold throws a stone.
The stone hits you.
The orc priest mumbles some strange prayers to Beogh against you.
Beogh smites you!
* * * LOW HITPOINT WARNING * * *
There is a stone staircase leading up here.
The orc hits you with a +0 hand axe.
* * * LOW HITPOINT WARNING * * *
You climb upwards.
Reactivating autopickup.
There is a stone staircase leading down here.
Unknown command.
Unknown command.
You are too injured to fight recklessly!
Unknown command.
Fire: a) +0 shortbow
Press: ? - help, Q - select action Shift-Dir - straight line, f - orc
Aim: an orc, wielding a +0 hand axe and wearing a +0 scale mail (65% to hit)
You shoot an arrow. The arrow closely misses the orc.
The orc hits you with a +0 hand axe!
You die...

###.##...#.############..########
#.####.#.####..........#.......
#.##...#.......#######.#.######
#.##.########..# #.....#.#.....
#.#.........#..# #.#####.#.####
#.#..#......#..# #.# #.#.# #
###....#.######..###.#####.#.# #
.....#.#........o.......##.#.# #
####.#.#########@###.##..#.#.####
#.#...............##....#.##..
#.##........#.######..###.##.#
#.##..........# #..# #..#.#
####.##.........## #..# ##.#.#
#....##.........# #..# #.#.#
#....##.........# #..## #.#.#
#....########...# #...# #.#.#
#....#########'#### #.#.###.#.#


You could see an orc.

Vanquished Creatures
  2 adders (D:2)
  3 dart slugs (D:1)
  An orc (D:3)
  6 ball pythons
  5 bats
  3 endoplasms
  3 giant cockroaches
  A goblin (D:2)
  2 hobgoblins (D:1)
  4 kobolds (D:1)
  4 quokkas
  2 frilled lizards
  7 rats
43 creatures vanquished.

Notes
Turn   | Place    | Note
-------+----------+-------------------------------------------
     0 | D:1      | Morbidden the Minotaur Hunter began the quest for the Orb.
     0 | D:1      | Reached XP level 1. HP: 18/18 MP: 0/0
   191 | D:1      | Reached XP level 2. HP: 19/25 MP: 1/1
   396 | D:1      | Reached skill level 5 in Ranged Weapons
  1111 | D:1      | Reached XP level 3. HP: 30/30 MP: 2/2
  1512 | D:2      | Reached skill level 1 in Armour
  2198 | D:3      | Reached XP level 4. HP: 37/37 MP: 3/3
  2274 | D:3      | Found a stormy altar of Qazlal.
  2296 | D:2      | Slain by an orc

Illustrated notes

Levels and vault maps discovered:
D:1:      lemuel_arrival_hallway, layout_loops_ring, serial_glass,
          glass_columns_a, glass_columns_c, minmay_misc_feat_doors
D:2:      wander_river, layout_basic
D:3:      layout_rooms, lemuel_doored_altar, ebering_ghost_sewer_f,
          minmay_starry_boxes

Skill      XL: |  1  2  3 |
---------------+----------+-----
Ranged Weapons | 5 |  5.6
Armour         | 1 |  1.0
Fighting       | |  2.9
Dodging        | |  2.6
Stealth        | |  0.7

Action                   |  1- 3 |  4- 6 || total
-------------------------+-------+-------++-------
 Fire: Shortbow          |   124 |     5 ||   129
Armor: Leather armour    |    18 |       ||    18
Dodge: Dodged            |    29 |     2 ||    31

Table legend: (Time is in decaauts)
 A = Elapsed time spent in this place.
 B = Non-inter-level travel time spent in this place.
 C = Inter-level travel time spent in this place.
 D = Time resting spent in this place.
 E = Time spent auto-exploring this place.
 F = Levels seen in this place.
 G = Mean time per level.
                   A        B        C        D        E       F      G
               +--------+--------+--------+--------+--------+-----+--------+
         Total |   2351 |   2308 |     43 |      0 |   2029 |   3 |  783.7 |
       Dungeon |   2351 |   2308 |     43 |      0 |   2029 |   3 |  783.7 |
               +--------+--------+--------+--------+--------+-----+--------+

Top non-repeatable levels by time:
     D:1: 1193 daAuts
     D:2: 1004 daAuts
     D:3: 153 daAuts
